AoeStats
← BigOleGiraffe

Nomad

510026482Analyzed
3v3 RM · 4d ago on Sep 29, 2026· 57m 56s· 6 players
Game mode
Random Map
Map size
210×210
Population
200
Speed
Normal
Resources
Standard
Victory
Conquest
Starting age
Dark Age
Ending age
Imperial Age
RankedLock teamsTeams togetherTeam positionsShared explorationLock speedFull tech treeHidden civsTurbo modeCheats
Victory
Defeat
🇺🇸 Bengalis · United States
1132
+13
🇨🇦 Varangians · Canada
1091
+14
🇨🇦 Italians · Canada
970
+20
🇺🇸 Mongols · United States
1114
-18
🇺🇸 Georgians · United States
1108
-18
🇺🇸 Danes · United States
944
-11
Kevatafl
15:41 Feudal Age
17:26 Double-Bit Axe
23:06 Castle Age
23:26 Horse Collar
23:59 Bow Saw
24:51 Wheelbarrow
24:42 Stone Mining
25:01 Scale Mail Armor
26:19 Squires
26:49 Chain Mail Armor
27:17 Forging
28:08 Gold Mining
29:12 Town Watch
30:15 Loom
32:58 Hand Cart
33:58 Arson
35:47 Iron Casting
39:08 Hamask
44:06 Elite Skirmisher
jprummer
8:04 Loom
17:24 Feudal Age
21:31 Castle Age
19:53 Double-Bit Axe
20:04 Gold Mining
19:58 Horse Collar
22:40 Stone Mining
23:02 Bow Saw
26:46 Bloodlines
28:40 Scale Barding Armor
28:46 Forging
30:32 Wheelbarrow
33:44 Iron Casting
33:02 Fletching
35:58 Heavy Plow
37:30 Chain Barding Armor
38:02 Iron Casting
39:17 Hand Cart
40:30 Fletching
Sunrostern
5:32 Loom
16:50 Feudal Age
18:13 Wheelbarrow
17:24 Town Watch
17:28 Double-Bit Axe
17:25 Horse Collar
17:39 Stone Mining
17:41 Gold Mining
24:02 Castle Age
26:02 Hand Cart
27:07 Heavy Plow
27:53 Bow Saw
31:07 Gold Shaft Mining
38:06 Imperial Age
36:22 Fletching
37:11 Bodkin Arrow
37:29 Thumb Ring
37:46 Ballistics
38:03 Padded Archer Armor
38:20 Bloodlines
43:16 Husbandry
44:19 Chemistry
47:55 Conscription
47:47 Bracer
48:04 Leather Archer Armor
48:25 Parthian Tactics
47:21 Elite Skirmisher
49:56 Squires
49:17 Pikeman
vince.dion123
5:02 Loom
14:56 Feudal Age
17:48 Fishing Lines
19:03 Double-Bit Axe
23:40 Castle Age
22:00 Fletching
22:14 Padded Archer Armor
22:26 Stone Mining
22:54 Forging
24:47 Medium Warships
25:15 Bow Saw
32:20 Imperial Age
30:37 Town Watch
31:08 Bodkin Arrow
31:17 Squires
31:03 Arson
31:52 Leather Archer Armor
31:48 Gillnets
34:05 Chemistry
33:07 Bracer
33:41 Ring Archer Armor
33:08 Gold Mining
34:06 Conscription
34:16 Thumb Ring
36:04 Wheelbarrow
37:49 Elite Genoese Crossbowman
40:40 Stone Shaft Mining
39:57 Horse Collar
40:32 Murder Holes
42:37 Ballistics
43:00 Heavy Plow
46:25 Hand Cart
46:10 Town Patrol
47:14 Two-Man Saw
46:41 Scale Barding Armor
47:12 Iron Casting
47:34 Bloodlines
47:24 Husbandry
46:45 Light Cavalry
50:11 Blast Furnace
49:31 Chain Barding Armor
49:10 Hussar
55:05 Plate Barding Armor
56:37 Crop Rotation
57:59 Hoardings
57:39 Masonry
BigOleGiraffe
5:57 Loom
16:44 Feudal Age
18:18 Double-Bit Axe
18:26 Gold Mining
21:14 Fishing Lines
24:10 Castle Age
24:28 Bloodlines
24:37 Forging
25:43 Wheelbarrow
26:00 Elite Skirmisher
27:38 Pikeman
28:04 Gambesons
28:19 Squires
28:21 Scale Mail Armor
28:56 Iron Casting
28:50 Fletching
30:01 Chain Mail Armor
31:50 Ballistics
40:25 Imperial Age
39:24 Guard Tower
39:44 Bodkin Arrow
43:17 Gillnets
43:05 Elite Jarl
47:16 Blast Furnace
46:53 Scale Barding Armor
52:12 Chain Barding Armor
51:55 Husbandry
54:20 Plate Barding Armor
57:27 Conscription
Jersey_TitanX
4:52 Loom
13:20 Feudal Age
13:47 Double-Bit Axe
19:54 Castle Age
18:19 Fishing Lines
19:37 Scale Barding Armor
19:45 Forging
20:16 Bloodlines
20:55 Chain Barding Armor
20:00 Light Cavalry
22:18 Gillnets
22:45 Husbandry
26:54 Wheelbarrow
26:42 Gold Mining
27:29 Bow Saw
28:41 Clinker Construction
28:18 Crossbowman
31:56 Imperial Age
31:02 Gold Shaft Mining
30:17 Stone Mining
31:26 Fortified Wall
31:45 Fletching
31:56 Padded Archer Armor
32:25 Ballistics
32:26 Arbalester
34:16 Two-Man Saw
35:35 Leather Archer Armor
36:09 Elite Battle Elephant
39:40 Horse Collar
42:07 Heavy Plow
42:55 Elite Skirmisher
44:40 Iron Casting
44:00 Bodkin Arrow
44:36 Ring Archer Armor
44:41 Plate Barding Armor
45:58 Bracer
46:59 Blast Furnace
48:46 Paiks
49:03 Conscription
49:26 Hand Cart
49:00 Town Watch
51:11 Chemistry
50:47 Mahayana
54:45 Town Patrol
Connection lost

Rejoining the realm…

Still unreachable

The connection could not be restored.

Session expired

The server has moved on; the page needs a fresh start.